RedWings vs Panthers

Created - February 7 2012 at 17:28

Goals
1 2 3 T
RedWings 2 0 1 3
Panthers 0 0 1 1
Shots
1 2 3 T
RedWings 13 5 11 29
Panthers 6 3 7 16

Period #1

1. RedWings , Zach Parise 24 (Brian Campbell, Paul Martin) at 0:48 (PP)
2. RedWings , Nik Antropov 6 (Zach Parise, Sergei Kostitsyn) at 2:41

Penalties :
Ryan OByrne (FLA) for Hooking (Minor) at 0:34, Jason Blake (FLA) for Hooking (Minor) at 14:12, Jamie Langenbrunner (DET) for Hooking (Minor) at 17:32

Period #2

No Goal

Penalties :
Ryan Whitney (DET) for Interference (Minor) at 0:29, Ryan OByrne (FLA) for Slashing (Minor) at 3:11

Period #3

3. Panthers , Mike Santorelli 13 (Andy Greene, Patrik Berglund) at 9:26 (PP)
4. RedWings , Travis Zajac 10 (Zach Parise, Curtis Glencross) at 19:25 (Empty Net)

Penalties :
Keith Yandle (DET) for High sticking (Minor) at 9:04, Travis Zajac (DET) for Slashing (Minor) at 11:38, Jamie Langenbrunner (DET) for Goalie Interference (Minor) at 15:23

Goalie Stats

Roberto Luongo (DET), 15 saves from 16 shots - (0.938), W, 29-18-7, 60:00 minutes
Kevin Poulin (FLA), 26 saves from 28 shots - (0.929), L, 0-1-1, 59:48 minutes

Players Stats

RedWings
Player Name              G  A  P  +/- PIM S  H  SB FO    MP 
------------------------------------------------------------
Alexandre Burrows        0  0  0   0  0   4  2  0  2/2   22 
Brian Campbell           0  1  1   1  0   2  0  0  0/0   20 
Curtis Glencross         0  1  1   1  0   2  1  0  2/5   20 
Eric Brewer              0  0  0   1  0   0  2  3  0/0   18 
Jamie Langenbrunner      0  0  0   0  4   2  1  0  0/1   14 
Keith Yandle             0  0  0   0  2   1  0  2  0/0   23 
Kris Draper              0  0  0   0  0   0  0  0  0/0   4  
Marty Reasoner           0  0  0   0  0   2  2  0  8/16  17 
Nate Thompson            0  0  0   0  0   0  0  0  5/10  8  
Nik Antropov             1  0  1   1  0   7  0  0  7/18  16 
Paul Martin              0  1  1   1  0   0  0  1  0/0   20 
Pavel Kubina             0  0  0   0  0   0  0  3  0/0   17 
Ray Whitney              0  0  0   1  0   1  0  0  0/0   17 
Ryan Whitney             0  0  0   0  2   0  1  0  0/0   21 
Sergei Kostitsyn         0  1  1   1  0   0  0  0  0/1   16 
Travis Zajac             1  0  1   1  2   2  0  0  9/17  18 
Zach Parise              1  2  3   2  0   6  1  0  0/0   18 
Zack Stortini            0  0  0   0  0   0  2  0  0/0   3  
Panthers
Player Name              G  A  P  +/- PIM S  H  SB FO    MP 
------------------------------------------------------------
Andrew Brunette          0  0  0  -1  0   0  0  0  2/5   18 
Andy Greene              0  1  1  -1  0   0  0  2  1/1   21 
Anton Volchenkov         0  0  0  -1  0   0  0  3  0/0   17 
Chris Drury              0  0  0   0  0   0  0  0  3/11  20 
Daniel Alfredsson        0  0  0   0  0   1  1  0  0/0   10 
Dave Bolland             0  0  0   0  0   0  0  1  4/8   14 
Dustin Penner            0  0  0  -1  0   3  2  0  15/28 21 
Jason Blake              0  0  0   0  2   1  0  0  0/0   13 
Jason Garrison           0  0  0  -1  0   0  0  1  0/0   23 
John-Michael Liles       0  0  0   0  0   1  0  1  0/0   5  
Kyle Quincey             0  0  0   0  0   0  0  0  0/0   3  
Luca Sbisa               0  0  0  -1  0   1  5  1  0/0   22 
Matt Cullen              0  0  0  -1  0   1  0  0  4/6   20 
Mike Santorelli          1  0  1  -1  0   4  1  0  3/5   19 
Patrik Berglund          0  1  1   0  0   0  0  0  5/5   5  
Ryan OByrne              0  0  0   0  4   1  1  2  0/0   20 
Ryan Smyth               0  0  0  -1  0   2  0  0  0/0   23 
Sam Gagner               0  0  0  -1  0   1  0  1  0/1   23 

3 Stars

1 - Zach Parise (DET)
2 - Nik Antropov (DET)
3 - Roberto Luongo (DET)

Power Play

RedWings - 1 on 3 Attempt(s) - 33.33%
Panthers - 1 on 5 Attempt(s) - 20.00%

Penalty Kill

RedWings - 4 on 5 Attempt(s) - 80.00% - Score 0 goal in Penalty Kill
Panthers - 2 on 3 Attempt(s) - 66.67% - Score 0 goal in Penalty Kill

Game Notes

Travis Zajac has scored in a empty net!

Finance

Level 1 -- Attendance: 6000 (100.00%) -- Ticket Income $420,000.00
Level 2 -- Attendance: 5000 (100.00%) -- Ticket Income $150,000.00
Level 3 -- Attendance: 3500 (100.00%) -- Ticket Income $70,000.00
Level 4 -- Attendance: 3294 (87.84%) -- Ticket Income $32,940.00
Luxury Box -- Attendance: 956 (95.60%) -- Ticket Income $143,400.00
Game was played at the BankAtlantic Center
Total Attendance: 18750 (97.40%)
Total Ticket Income: $830,149.10
Other Income: $196,713.30
Total Income: $1,026,862.00


Play by Play

Period #1

0:01 of 1st period - Dustin Penner wins face-off versus Travis Zajac in neutral zone.
0:06 of 1st period - Shot by Sam Gagner.
0:06 of 1st period - Shot Blocked by Keith Yandle.
0:22 of 1st period - Shot by Ryan Smyth.
0:22 of 1st period - Stopped by Roberto Luongo without a rebound.
0:23 of 1st period - Nik Antropov wins face-off versus Chris Drury in RedWings zone.
0:34 of 1st period - Minor Penalty to Ryan OByrne for Hooking.
0:35 of 1st period - Travis Zajac wins face-off versus Matt Cullen in Panthers zone.
0:38 of 1st period - Shot by Brian Campbell.
0:38 of 1st period - Shot Misses the Net.
0:42 of 1st period - Shot by Zach Parise.
0:42 of 1st period - Shot Misses the Net.
0:44 of 1st period - Shot by Brian Campbell.
0:44 of 1st period - Shot Misses the Net.
0:46 of 1st period - Shot by Paul Martin.
0:46 of 1st period - Shot Misses the Net.
0:48 of 1st period - Shot by Brian Campbell.
0:48 of 1st period - Deflect By Zach Parise.
0:48 of 1st period - Goal by Zach Parise - RedWings : 1 - Panthers : 0.
0:49 of 1st period - Marty Reasoner wins face-off versus Dustin Penner in neutral zone.
0:51 of 1st period - Curtis Glencross is hit by Dustin Penner and loses puck.
1:00 of 1st period - Shot by Dustin Penner.
1:00 of 1st period - Shot Misses the Net.
1:04 of 1st period - Shot by Sam Gagner.
1:04 of 1st period - Shot Blocked by Pavel Kubina.
1:06 of 1st period - Shot by Ryan Smyth.
1:06 of 1st period - Shot Misses the Net.
1:08 of 1st period - Shot by Sam Gagner.
1:08 of 1st period - Shot Blocked by Eric Brewer.
1:16 of 1st period - Shot by Dustin Penner.
1:16 of 1st period - Stopped by Roberto Luongo with a rebound.
1:20 of 1st period - Shot by Ryan Smyth.
1:20 of 1st period - Shot Misses the Net.
1:24 of 1st period - Shot by Dustin Penner.
1:24 of 1st period - Stopped by Roberto Luongo without a rebound.
1:25 of 1st period - Travis Zajac wins face-off versus Chris Drury in RedWings zone.
2:07 of 1st period - Icing by Keith Yandle.
2:08 of 1st period - Travis Zajac wins face-off versus Dustin Penner in RedWings zone.
2:37 of 1st period - Shot by Zach Parise.
2:37 of 1st period - Shot Misses the Net.
2:39 of 1st period - Shot by Zach Parise.
2:39 of 1st period - Shot Misses the Net.
2:41 of 1st period - Shot by Nik Antropov.
2:41 of 1st period - Goal by Nik Antropov - RedWings : 2 - Panthers : 0.
2:42 of 1st period - Marty Reasoner wins face-off versus Mike Santorelli in neutral zone.
3:02 of 1st period - Icing by Ryan OByrne.
3:03 of 1st period - Nik Antropov wins face-off versus Chris Drury in Panthers zone.
3:44 of 1st period - Shot by Sam Gagner.
3:44 of 1st period - Shot Misses the Net.
4:37 of 1st period - Shot by Dustin Penner.
4:37 of 1st period - Stopped by Roberto Luongo without a rebound.
4:38 of 1st period - Matt Cullen wins face-off versus Jamie Langenbrunner in RedWings zone.
4:38 of 1st period - Matt Cullen is hit by Eric Brewer.
4:52 of 1st period - Shot by Jamie Langenbrunner.
4:52 of 1st period - Stopped by Kevin Poulin with a rebound.
4:56 of 1st period - Shot by Curtis Glencross.
4:56 of 1st period - Deflect By Jamie Langenbrunner.
4:56 of 1st period - Shot Misses the Net.
4:58 of 1st period - Shot by Marty Reasoner.
4:58 of 1st period - Stopped by Kevin Poulin without a rebound.
4:59 of 1st period - Nate Thompson wins face-off versus Dustin Penner in Panthers zone.
5:51 of 1st period - Shot by Mike Santorelli.
5:51 of 1st period - Stopped by Roberto Luongo without a rebound.
5:52 of 1st period - Mike Santorelli wins face-off versus Travis Zajac in RedWings zone.
6:02 of 1st period - Icing by Keith Yandle.
6:03 of 1st period - Alexandre Burrows wins face-off versus Andrew Brunette in RedWings zone.
7:42 of 1st period - Shot by Ryan Smyth.
7:42 of 1st period - Shot Misses the Net.
8:46 of 1st period - Icing by Brian Campbell.
8:47 of 1st period - Patrik Berglund wins face-off versus Nik Antropov in RedWings zone.
9:42 of 1st period - Shot by Alexandre Burrows.
9:42 of 1st period - Shot Blocked by Jason Garrison.
9:46 of 1st period - Shot by Alexandre Burrows.
9:46 of 1st period - Shot Hit the Post.
9:48 of 1st period - Shot by Alexandre Burrows.
9:48 of 1st period - Stopped by Kevin Poulin without a rebound.
9:49 of 1st period - Marty Reasoner wins face-off versus Dustin Penner in Panthers zone.
9:49 of 1st period - Curtis Glencross is hit by Luca Sbisa and loses puck.
9:52 of 1st period - Shot by Eric Brewer.
9:52 of 1st period - Shot Misses the Net.
9:56 of 1st period - Shot by Marty Reasoner.
9:56 of 1st period - Stopped by Kevin Poulin without a rebound.
9:57 of 1st period - Dustin Penner wins face-off versus Marty Reasoner in Panthers zone.
9:59 of 1st period - Icing by Ryan Smyth.
10:00 of 1st period - Dustin Penner wins face-off versus Marty Reasoner in Panthers zone.
10:34 of 1st period - Off-side.
10:35 of 1st period - Alexandre Burrows wins face-off versus Andrew Brunette in neutral zone.
11:43 of 1st period - Shot by Brian Campbell.
11:43 of 1st period - Shot Misses the Net.
11:47 of 1st period - Shot by Nik Antropov.
11:47 of 1st period - Stopped by Kevin Poulin without a rebound.
11:48 of 1st period - Marty Reasoner wins face-off versus Chris Drury in Panthers zone.
12:39 of 1st period - Shot by Zach Parise.
12:39 of 1st period - Stopped by Kevin Poulin with a rebound.
12:41 of 1st period - Shot by Sergei Kostitsyn.
12:41 of 1st period - Shot Misses the Net.
12:43 of 1st period - Shot by Nik Antropov.
12:43 of 1st period - Stopped by Kevin Poulin with a rebound.
12:53 of 1st period - Shot by Zach Parise.
12:53 of 1st period - Stopped by Kevin Poulin without a rebound.
12:54 of 1st period - Dustin Penner wins face-off versus Nate Thompson in Panthers zone.
12:54 of 1st period - Sam Gagner is hit by Zack Stortini.
13:08 of 1st period - Shot by Brian Campbell.
13:08 of 1st period - Stopped by Kevin Poulin without a rebound.
13:09 of 1st period - Dustin Penner wins face-off versus Nik Antropov in Panthers zone.
14:11 of 1st period - Shot by Alexandre Burrows.
14:11 of 1st period - Stopped by Kevin Poulin without a rebound.
14:12 of 1st period - Marty Reasoner wins face-off versus Dave Bolland in Panthers zone.
14:12 of 1st period - Minor Penalty to Jason Blake for Hooking.
14:13 of 1st period - Nik Antropov wins face-off versus Dave Bolland in Panthers zone.
14:38 of 1st period - Shot by Ray Whitney.
14:38 of 1st period - Stopped by Kevin Poulin without a rebound.
14:39 of 1st period - Dave Bolland wins face-off versus Travis Zajac in Panthers zone.
15:10 of 1st period - Shot by Paul Martin.
15:10 of 1st period - Shot Blocked by Anton Volchenkov.
15:58 of 1st period - Icing by Alexandre Burrows.
15:59 of 1st period - Matt Cullen wins face-off versus Nik Antropov in RedWings zone.
16:22 of 1st period - Shot by Ryan Smyth.
16:22 of 1st period - Stopped by Roberto Luongo without a rebound.
16:23 of 1st period - Marty Reasoner wins face-off versus Dustin Penner in RedWings zone.
16:27 of 1st period - Pavel Kubina is hit by Ryan OByrne and loses puck.
17:15 of 1st period - Shot by Chris Drury.
17:15 of 1st period - Shot Misses the Net.
17:17 of 1st period - Shot by Mike Santorelli.
17:17 of 1st period - Shot Blocked by Eric Brewer.
17:32 of 1st period - Minor Penalty to Jamie Langenbrunner for Hooking.
17:33 of 1st period - Nate Thompson wins face-off versus Andrew Brunette in RedWings zone.
17:50 of 1st period - Icing by Andrew Brunette.
17:51 of 1st period - Andrew Brunette wins face-off versus Nate Thompson in Panthers zone.
18:18 of 1st period - Shot by Nate Thompson.
18:18 of 1st period - Shot Misses the Net.
19:44 of 1st period - Shot by Ryan Smyth.
19:44 of 1st period - Shot Misses the Net.

Period #2

0:01 of 2nd period - Travis Zajac wins face-off versus Dustin Penner in neutral zone.
0:10 of 2nd period - Sam Gagner is hit by Ryan Whitney.
0:29 of 2nd period - Minor Penalty to Ryan Whitney for Interference.
0:30 of 2nd period - Curtis Glencross wins face-off versus Chris Drury in RedWings zone.
1:55 of 2nd period - Shot by Ryan Smyth.
1:55 of 2nd period - Shot Misses the Net.
1:57 of 2nd period - Shot by Jason Garrison.
1:57 of 2nd period - Shot Misses the Net.
2:32 of 2nd period - Icing by Brian Campbell.
2:33 of 2nd period - Dustin Penner wins face-off versus Nik Antropov in RedWings zone.
2:48 of 2nd period - Shot by Zach Parise.
2:48 of 2nd period - Stopped by Kevin Poulin without a rebound.
2:49 of 2nd period - Travis Zajac wins face-off versus Dustin Penner in Panthers zone.
3:11 of 2nd period - Minor Penalty to Ryan OByrne for Slashing.
3:12 of 2nd period - Andrew Brunette wins face-off versus Sergei Kostitsyn in Panthers zone.
4:17 of 2nd period - Dave Bolland is hit by Alexandre Burrows and loses puck.
4:45 of 2nd period - Icing by Paul Martin.
4:46 of 2nd period - Dave Bolland wins face-off versus Curtis Glencross in RedWings zone.
5:31 of 2nd period - Icing by Curtis Glencross.
5:32 of 2nd period - Chris Drury wins face-off versus Marty Reasoner in RedWings zone.
6:17 of 2nd period - Icing by Jamie Langenbrunner.
6:18 of 2nd period - Dustin Penner wins face-off versus Marty Reasoner in RedWings zone.
6:39 of 2nd period - Shot by Ryan Smyth.
6:39 of 2nd period - Deflect By Dustin Penner.
6:39 of 2nd period - Shot Blocked by Pavel Kubina.
6:43 of 2nd period - Shot by Sam Gagner.
6:43 of 2nd period - Shot Misses the Net.
6:45 of 2nd period - Shot by Luca Sbisa.
6:45 of 2nd period - Shot Misses the Net.
6:47 of 2nd period - Shot by Jason Garrison.
6:47 of 2nd period - Shot Blocked by Pavel Kubina.
8:26 of 2nd period - Shot by Zach Parise.
8:26 of 2nd period - Deflect By Nik Antropov.
8:26 of 2nd period - Stopped by Kevin Poulin without a rebound.
8:27 of 2nd period - Matt Cullen wins face-off versus Nate Thompson in Panthers zone.
8:33 of 2nd period - Brian Campbell is hit by Luca Sbisa and loses puck.
9:03 of 2nd period - Keith Yandle is hit by Luca Sbisa and loses puck.
9:30 of 2nd period - Shot by Mike Santorelli.
9:30 of 2nd period - Stopped by Roberto Luongo without a rebound.
9:31 of 2nd period - Travis Zajac wins face-off versus Dustin Penner in RedWings zone.
9:38 of 2nd period - Shot by Dustin Penner.
9:38 of 2nd period - Shot Misses the Net.
9:40 of 2nd period - Shot by Jason Blake.
9:40 of 2nd period - Shot Blocked by Paul Martin.
9:42 of 2nd period - Shot by Jason Garrison.
9:42 of 2nd period - Shot Misses the Net.
9:46 of 2nd period - Shot by Jason Blake.
9:46 of 2nd period - Stopped by Roberto Luongo without a rebound.
9:47 of 2nd period - Mike Santorelli wins face-off versus Nik Antropov in RedWings zone.
9:57 of 2nd period - Icing by Paul Martin.
9:58 of 2nd period - Nik Antropov wins face-off versus Mike Santorelli in RedWings zone.
10:39 of 2nd period - Shot by Alexandre Burrows.
10:39 of 2nd period - Shot Blocked by Ryan OByrne.
10:41 of 2nd period - Shot by Alexandre Burrows.
10:41 of 2nd period - Stopped by Kevin Poulin without a rebound.
10:42 of 2nd period - Marty Reasoner wins face-off versus Dustin Penner in Panthers zone.
10:54 of 2nd period - Icing by Jason Garrison.
10:55 of 2nd period - Travis Zajac wins face-off versus Dustin Penner in Panthers zone.
11:16 of 2nd period - Alexandre Burrows is hit by Luca Sbisa and loses puck.
11:42 of 2nd period - Icing by Luca Sbisa.
11:43 of 2nd period - Dustin Penner wins face-off versus Nik Antropov in Panthers zone.
13:01 of 2nd period - Shot by Curtis Glencross.
13:01 of 2nd period - Shot Misses the Net.
13:36 of 2nd period - Alexandre Burrows is hit by Dustin Penner and loses puck.
13:59 of 2nd period - Icing by Keith Yandle.
14:00 of 2nd period - Travis Zajac wins face-off versus Matt Cullen in RedWings zone.
14:28 of 2nd period - Off-side.
14:29 of 2nd period - Nik Antropov wins face-off versus Chris Drury in neutral zone.
16:25 of 2nd period - Shot by Mike Santorelli.
16:25 of 2nd period - Stopped by Roberto Luongo without a rebound.
16:26 of 2nd period - Travis Zajac wins face-off versus Dave Bolland in RedWings zone.
16:41 of 2nd period - Shot by Travis Zajac.
16:41 of 2nd period - Stopped by Kevin Poulin with a rebound.
16:58 of 2nd period - Icing by Anton Volchenkov.
16:59 of 2nd period - Nik Antropov wins face-off versus Dave Bolland in Panthers zone.
17:37 of 2nd period - Off-side.
17:38 of 2nd period - Chris Drury wins face-off versus Travis Zajac in neutral zone.
17:56 of 2nd period - Shot by Chris Drury.
17:56 of 2nd period - Shot Misses the Net.
18:22 of 2nd period - Icing by Dustin Penner.
18:23 of 2nd period - Patrik Berglund wins face-off versus Marty Reasoner in Panthers zone.
18:43 of 2nd period - Sam Gagner is hit by Jamie Langenbrunner and loses puck.
18:50 of 2nd period - Shot by Curtis Glencross.
18:50 of 2nd period - Shot Blocked by Sam Gagner.
18:54 of 2nd period - Shot by Pavel Kubina.
18:54 of 2nd period - Shot Misses the Net.
18:56 of 2nd period - Shot by Eric Brewer.
18:56 of 2nd period - Shot Blocked by John-Michael Liles.
18:58 of 2nd period - Shot by Curtis Glencross.
18:58 of 2nd period - Shot Misses the Net.
19:33 of 2nd period - Shot by Nik Antropov.
19:33 of 2nd period - Stopped by Kevin Poulin without a rebound.
19:34 of 2nd period - Nate Thompson wins face-off versus Chris Drury in Panthers zone.

Period #3

0:01 of 3rd period - Dustin Penner wins face-off versus Travis Zajac in neutral zone.
0:30 of 3rd period - Shot by Dustin Penner.
0:30 of 3rd period - Shot Blocked by Keith Yandle.
0:32 of 3rd period - Shot by Luca Sbisa.
0:32 of 3rd period - Stopped by Roberto Luongo without a rebound.
0:33 of 3rd period - Matt Cullen wins face-off versus Nik Antropov in RedWings zone.
1:08 of 3rd period - Shot by Matt Cullen.
1:08 of 3rd period - Shot Misses the Net.
1:10 of 3rd period - Shot by Matt Cullen.
1:10 of 3rd period - Stopped by Roberto Luongo without a rebound.
1:11 of 3rd period - Dustin Penner wins face-off versus Marty Reasoner in RedWings zone.
1:34 of 3rd period - Shot by Dustin Penner.
1:34 of 3rd period - Shot Misses the Net.
2:34 of 3rd period - Jason Blake is hit by Eric Brewer and loses puck.
3:17 of 3rd period - Shot by Matt Cullen.
3:17 of 3rd period - Shot Misses the Net.
3:19 of 3rd period - Shot by Mike Santorelli.
3:19 of 3rd period - Shot Misses the Net.
4:27 of 3rd period - Shot by Zach Parise.
4:27 of 3rd period - Shot Blocked by Dave Bolland.
4:31 of 3rd period - Shot by Zach Parise.
4:31 of 3rd period - Shot Blocked by Anton Volchenkov.
4:35 of 3rd period - Shot by Nik Antropov.
4:35 of 3rd period - Stopped by Kevin Poulin with a rebound.
4:39 of 3rd period - Shot by Brian Campbell.
4:39 of 3rd period - Stopped by Kevin Poulin with a rebound.
7:15 of 3rd period - Shot by Curtis Glencross.
7:15 of 3rd period - Stopped by Kevin Poulin without a rebound.
7:16 of 3rd period - Dustin Penner wins face-off versus Nate Thompson in Panthers zone.
7:16 of 3rd period - Dustin Penner is hit by Zack Stortini.
7:44 of 3rd period - Shot by Nate Thompson.
7:44 of 3rd period - Shot Misses the Net.
7:58 of 3rd period - Shot by Sam Gagner.
7:58 of 3rd period - Stopped by Roberto Luongo without a rebound.
7:59 of 3rd period - Marty Reasoner wins face-off versus Dustin Penner in RedWings zone.
8:09 of 3rd period - Curtis Glencross is hit by Luca Sbisa and loses puck.
9:04 of 3rd period - Minor Penalty to Keith Yandle for High sticking.
9:05 of 3rd period - Patrik Berglund wins face-off versus Nate Thompson in RedWings zone.
9:24 of 3rd period - Shot by Andy Greene.
9:24 of 3rd period - Shot Blocked by Eric Brewer.
9:26 of 3rd period - Shot by Mike Santorelli.
9:26 of 3rd period - Goal by Mike Santorelli - RedWings : 2 - Panthers : 1.
9:27 of 3rd period - Patrik Berglund wins face-off versus Nik Antropov in neutral zone.
10:00 of 3rd period - Off-side.
10:01 of 3rd period - Dustin Penner wins face-off versus Travis Zajac in neutral zone.
10:17 of 3rd period - Shot by Alexandre Burrows.
10:17 of 3rd period - Stopped by Kevin Poulin without a rebound.
10:18 of 3rd period - Andy Greene wins face-off versus Marty Reasoner in Panthers zone.
10:18 of 3rd period - Andy Greene is hit by Marty Reasoner.
10:28 of 3rd period - Shot by Ryan Smyth.
10:28 of 3rd period - Shot Misses the Net.
10:40 of 3rd period - Shot by Curtis Glencross.
10:40 of 3rd period - Stopped by Kevin Poulin with a rebound.
10:44 of 3rd period - Shot by Eric Brewer.
10:44 of 3rd period - Shot Blocked by Andy Greene.
10:46 of 3rd period - Shot by Curtis Glencross.
10:46 of 3rd period - Deflect By Jamie Langenbrunner.
10:46 of 3rd period - Stopped by Kevin Poulin with a rebound.
10:50 of 3rd period - Shot by Curtis Glencross.
10:50 of 3rd period - Shot Blocked by Andy Greene.
10:59 of 3rd period - Andy Greene is hit by Curtis Glencross and loses puck.
11:16 of 3rd period - Ryan Whitney is hit by Daniel Alfredsson and loses puck.
11:33 of 3rd period - Shot by Alexandre Burrows.
11:33 of 3rd period - Deflect By Ray Whitney.
11:33 of 3rd period - Shot Misses the Net.
11:35 of 3rd period - Shot by Alexandre Burrows.
11:35 of 3rd period - Shot Blocked by Luca Sbisa.
11:38 of 3rd period - Minor Penalty to Travis Zajac for Slashing.
11:39 of 3rd period - Nate Thompson wins face-off versus Sam Gagner in RedWings zone.
12:47 of 3rd period - Shot by Mike Santorelli.
12:47 of 3rd period - Deflect By John-Michael Liles.
12:47 of 3rd period - Stopped by Roberto Luongo without a rebound.
12:48 of 3rd period - Dave Bolland wins face-off versus Marty Reasoner in RedWings zone.
12:51 of 3rd period - Shot by Ryan OByrne.
12:51 of 3rd period - Shot Hit the Post.
12:53 of 3rd period - Shot by Ryan OByrne.
12:53 of 3rd period - Stopped by Roberto Luongo without a rebound.
12:54 of 3rd period - Dave Bolland wins face-off versus Curtis Glencross in RedWings zone.
13:09 of 3rd period - Shot by Kyle Quincey.
13:09 of 3rd period - Shot Misses the Net.
13:42 of 3rd period - Icing by Daniel Alfredsson.
13:43 of 3rd period - Nik Antropov wins face-off versus Dustin Penner in Panthers zone.
13:46 of 3rd period - Shot by Zach Parise.
13:46 of 3rd period - Stopped by Kevin Poulin without a rebound.
13:47 of 3rd period - Dustin Penner wins face-off versus Nik Antropov in Panthers zone.
14:53 of 3rd period - Shot by Keith Yandle.
14:53 of 3rd period - Stopped by Kevin Poulin with a rebound.
15:23 of 3rd period - Minor Penalty to Jamie Langenbrunner for Goalie Interference.
15:24 of 3rd period - Nate Thompson wins face-off versus Chris Drury in RedWings zone.
15:46 of 3rd period - Ryan Smyth is hit by Zach Parise and loses puck.
15:54 of 3rd period - Ryan Smyth is hit by Marty Reasoner and loses puck.
16:43 of 3rd period - Shot by Dave Bolland.
16:43 of 3rd period - Shot Misses the Net.
17:32 of 3rd period - Off-side.
17:33 of 3rd period - Patrik Berglund wins face-off versus Nik Antropov in neutral zone.
17:36 of 3rd period - Brian Campbell is hit by Mike Santorelli and loses puck.
17:51 of 3rd period - Shot by Zach Parise.
17:51 of 3rd period - Stopped by Kevin Poulin without a rebound.
17:52 of 3rd period - Chris Drury wins face-off versus Nik Antropov in Panthers zone.
18:15 of 3rd period - Shot by Zach Parise.
18:15 of 3rd period - Shot Blocked by Ryan OByrne.
18:19 of 3rd period - Shot by Nik Antropov.
18:19 of 3rd period - Stopped by Kevin Poulin without a rebound.
18:20 of 3rd period - Dustin Penner wins face-off versus Travis Zajac in Panthers zone.
18:20 of 3rd period - Dustin Penner is hit by Alexandre Burrows.
19:07 of 3rd period - Icing by Andy Greene.
19:08 of 3rd period - Mike Santorelli wins face-off versus Travis Zajac in Panthers zone.
19:13 of 3rd period - Panthers, Kevin Poulin is pulled from the net.
19:23 of 3rd period - Shot by Zach Parise.
19:23 of 3rd period - Shot Blocked by Anton Volchenkov.
19:25 of 3rd period - Shot by Travis Zajac.
19:25 of 3rd period - Goal by Travis Zajac - RedWings : 3 - Panthers : 1.
19:25 of 3rd period - Kevin Poulin from Panthers was sent back in the game.
19:26 of 3rd period - Dustin Penner wins face-off versus Curtis Glencross in neutral zone.
19:35 of 3rd period - Shot by Daniel Alfredsson.
19:35 of 3rd period - Stopped by Roberto Luongo without a rebound.
19:36 of 3rd period - Curtis Glencross wins face-off versus Dustin Penner in RedWings zone.


Output by the SimonT Hockey Simulator (STHS) for Stephane Roy -- Original Page W3C XHTML 1.0 Valid